 Dungeon Crawl Stone Soup version 0.26.0-45-g9c1d065592 (webtiles) character file.

Game seed: 8820358531231653383

4309 trckry the Quickloader (level 10, -2/59 HPs)
             Began as a Tengu Hunter on Jan 30, 2021.
             Was a Priest of Okawaru.
             Killed by the air
             ... invoked by Gastronok
              (29 damage)
             ... on level 8 of the Dungeon.
             The game lasted 00:19:49 (11170 turns).

trckry the Quickloader (Tengu Hunter)              Turns: 11170, Time: 00:19:49

Health: -2/59      AC: 11    Str: 15    XL:     10   Next: 32%
Magic:  14/14      EV: 13    Int: 12    God:    Okawaru [***...]
Gold:   523        SH:  5    Dex: 15    Spells: 9/9 levels left

rFire    + . .     SeeInvis .   b - +4 quarterstaff (chaos)
rCold    . . .     Faith    .   (shield currently unavailable)
rNeg     . . .     Spirit   .   j - +0 chain mail
rPois    .         Reflect  +   (helmet restricted)
rElec    .         Harm     .   s - +0 cloak
rCorr    .         Rampage  .   (no gloves)
Will     .....                  (boots unavailable)
Stlth    ..........             E - amulet of reflection
HPRegen  0.19/turn              v - +4 ring of evasion
MPRegen  0.14/turn              G - ring of protection from fire

@: no status effects
A: beak, talons 3, able to fly
a: Fly, Renounce Religion, Heroism


You were on level 8 of the Dungeon.
You worshipped Okawaru.
Okawaru was most pleased with you.
You visited 2 branches of the dungeon, and saw 9 of its levels.

You collected 523 gold pieces.

Inventory:

Hand Weapons
 a - a +1 hand crossbow
 b - a +4 quarterstaff of chaos (weapon)
Missiles
 d - 103 bolts
 m - 37 poisoned darts
 L - a curare-tipped dart (quivered)
Armour
 j - a +0 chain mail (worn)
 s - a +0 cloak (worn)
Jewellery
 v - a +4 ring of evasion (left hand)
 E - an amulet of reflection (around neck)
 G - a ring of protection from fire (right hand)
 K - an uncursed ring of poison resistance {unknown}
Wands
 w - a wand of enslavement (7)
 y - a wand of digging (13)
 B - a wand of acid (18)
 D - a wand of paralysis (12)
 F - a wand of disintegration (17)
 M - a wand of flame (22)
Scrolls
 e - 5 scrolls of remove curse {unknown}
 f - 6 scrolls of identify {unknown}
 k - 3 scrolls of magic mapping {unknown}
 l - 3 scrolls of fog {unknown}
 q - 2 scrolls of teleportation {unknown}
 u - a scroll of amnesia {unknown}
 I - a scroll of enchant weapon {unknown}
Potions
 c - 3 potions of brilliance {unknown}
 g - 2 potions of haste {unknown}
 h - 3 potions of attraction {unknown}
 i - 3 potions of flight {unknown}
 n - a potion of degeneration {unknown}
 o - 2 potions of ambrosia {unknown}
 p - 3 potions of heal wounds {unknown}
 r - 2 potions of might {unknown}
 t - a potion of magic {unknown}
 x - a potion of lignification {unknown}
 z - 2 potions of resistance {unknown}
 A - 5 potions of curing {unknown}
 C - a potion of cancellation {unknown}
 H - a potion of berserk rage {unknown}
 J - a potion of invisibility {unknown}


   Skills:
 + Level 5.5 Fighting
 + Level 5.3 Staves
 * Level 9.5 Crossbows
 + Level 5.4 Armour
 + Level 5.8 Dodging
 - Level 1.0 Stealth
 + Level 4.5 Invocations
 + Level 4.9 Evocations


You had 9 spell levels left.
You didn't know any spells.
Your spell library contained the following spells:

 Spells                   Type           Power        Failure   Level
 Foxfire                  Conj/Fire      0%           99%         1
 Confusing Touch          Hex            0%           100%        3
 Conjure Flame            Conj/Fire      0%           100%        3
 Gell's Gravitas          Tloc           0%           100%        3
 Inner Flame              Hex/Fire       0%           100%        3
 Petrify                  Tmut/Erth      0%           100%        4
 Sticky Flame             Conj/Fire      0%           100%        4
 Fireball                 Conj/Fire      0%           100%        5
 Metabolic Englaciation   Hex/Ice        0%           100%        5
 Yara's Violent Unravell  Hex/Tmut       0%           100%        5


Dungeon Overview and Level Annotations

Branches:
Dungeon (8/15)             Temple (1/1) D:6
   Lair: D:8-11

Altars:
Ashenzari
Cheibriados
Dithmenos
Fedhas
Gozag
Hepliaklqana
Makhleb
Nemelex Xobeh
Okawaru
Qazlal
Ru
Sif Muna
Trog
Uskayaw
Xom
Yredelemnul
The Shining One

Shops:
D:4 [

Annotations:
D:6 3 runed translucent doors, xraymikek's ghost, novice DrFE
D:8 Gastronok


Innate Abilities, Weirdness & Mutations

You have a beak for a mouth.
You have claws for feet.
You can fly continuously.


Message History

You claw Gastronok, but do no damage. You peck Gastronok, but do no damage.
Gastronok is lightly wounded.
You sock Gastronok!
Gastronok flickers and vanishes!
Deactivating autopickup; reactivate with Ctrl-A.
You peck something. You hit something.
Nothing appears to happen.
You peck something. Something bites you!!
You hit something. You peck something. You barely miss something.
You claw something. You peck something. You hit something.
Nothing appears to happen.
You peck something. Something bites you!
You thump something! You freeze something. You claw something.
An ice beast comes into view.
You sock something!
Nothing appears to happen.
You claw something.
Something bubbles merrily.
You sock something! You claw something. You hit something. You peck something.
You hear blowing wind.
The air twists around and strikes you!!
You die...

#.#######.#
#.......#.#
#.......#.#
#.....))#.#
#.......#.#
#..........
#.#........
#####
#.#........
#{@.#
#.#........
#)#.#
#.#....####
#.#.#####>#....#
#.#..)....#....#
#Y#########....#
#.# #.# #.# #.#


You could see an ice beast.

Vanquished Creatures
  Maurice (D:8)
  Psyche (D:8)
  Maggie (D:8)
  A centaur skeleton (D:8)
  Grum (D:8)
  Menkaure (D:6)
  2 orc warriors
  2 ice beasts
  An ogre (D:7)
  2 wolves (D:8)
  2 centaurs
  4 bullfrogs
  A scorpion (D:6)
  3 howler monkeys
  13 wights
  3 bullfrog zombies
  A quasit (D:8)
  2 hounds
  9 orc wizards
  6 orc priests
  Crazy Yiuf (D:2)
  2 iguanas
  9 worker ants
  A hound zombie (D:7)
  A worker ant zombie (D:5)
  6 adders
  5 gnolls
  2 shadow imps
  A white imp (D:6)
  3 ufetubi
  2 adder zombies
  2 oozes
  3 worms
  A dart slug (D:3)
  3 leopard geckos
  18 orcs
  A giant cockroach (D:4)
  11 goblins
  10 hobgoblins
  2 jackals (D:3)
  4 quokkas
  A ball python (D:3)
  A ball python skeleton (D:4)
  8 bats
  A frilled lizard (D:1)
  7 kobolds
  A quokka skeleton (D:5)
  6 rats
170 creatures vanquished.

Vanquished Creatures (others)
  A fungus (D:2)
1 creature vanquished.

Grand Total: 171 creatures vanquished

Notes
Turn   | Place    | Note
-------+----------+-------------------------------------------
     0 | D:1      | trckry the Tengu Hunter began the quest for the Orb.
     0 | D:1      | Reached XP level 1. HP: 12/12 MP: 2/2
   314 | D:1      | Reached XP level 2. HP: 10/17 MP: 3/3
   902 | D:1      | Reached XP level 3. HP: 20/21 MP: 4/4
  1396 | D:2      | Reached skill level 1 in Staves
  1396 | D:2      | Reached skill level 5 in Crossbows
  1396 | D:2      | Reached skill level 1 in Armour
  1396 | D:2      | Reached XP level 4. HP: 27/27 MP: 5/5
  1437 | D:2      | Reached skill level 1 in Invocations
  1437 | D:2      | Reached skill level 1 in Evocations
  1961 | D:2      | Gained mutation: You can fly continuously. [Tengu growth]
  1961 | D:2      | Reached XP level 5. HP: 30/31 MP: 6/6
  2038 | D:2      | HP: 1/31 [worm (6)]
  2660 | D:2      | Found a runed translucent door.
  2661 | D:2      | Noticed Crazy Yiuf
  2796 | D:2      | Killed Crazy Yiuf
  3004 | D:3      | HP: 4/31 [orc wizard/puff of frost (8)]
  3009 | D:3      | HP: 3/31 [orc wizard/puff of frost (1)]
  3013 | D:3      | Reached XP level 6. HP: 4/36 MP: 6/8
  3903 | D:3      | Found a shimmering altar of Xom.
  4442 | D:4      | Found a shadowy altar of Dithmenos.
  4756 | D:4      | Reached skill level 6 in Crossbows
  4932 | D:4      | Found Weydag's Armour Shop.
  5010 | D:4      | Reached XP level 7. HP: 28/41 MP: 9/9
  5368 | D:5      | Entered Level 5 of the Dungeon
  6279 | D:5      | Reached XP level 8. HP: 38/46 MP: 10/10
  6686 | D:6      | Reached skill level 7 in Crossbows
  6745 | D:6      | Noticed Menkaure
  6754 | D:6      | Killed Menkaure
  7799 | D:6      | Found a staircase to the Ecumenical Temple.
  7816 | Temple   | Entered the Ecumenical Temple
  7894 | Temple   | Became a worshipper of Warmaster Okawaru
  8494 | D:7      | Reached * piety under Okawaru
  8495 | D:7      | Reached XP level 9. HP: 52/52 MP: 12/12
  8870 | D:6      | Found a runed translucent gate.
  8872 | D:6      | Found a runed translucent gate.
  8875 | D:6      | Found a runed translucent gate.
  8876 | D:6      | Noticed xraymikek's ghost (novice DrFE)
  8959 | D:5      | Reached skill level 8 in Crossbows
  9473 | D:6      | Found a snail-covered altar of Cheibriados.
  9474 | D:6      | Found a hazy altar of Hepliaklqana.
 10139 | D:8      | Reached skill level 5 in Dodging
 10242 | D:8      | Found a blossoming altar of Fedhas.
 10257 | D:8      | Noticed Grum
 10283 | D:8      | Killed Grum
 10283 | D:8      | Reached ** piety under Okawaru
 10387 | D:8      | Found a sacrificial altar of Ru.
 10406 | D:8      | Noticed Gastronok
 10634 | D:8      | Noticed Maggie
 10650 | D:8      | Killed Maggie
 10651 | D:8      | Reached skill level 5 in Fighting
 10651 | D:8      | Reached skill level 9 in Crossbows
 10651 | D:8      | Reached skill level 5 in Armour
 10800 | D:8      | Reached *** piety under Okawaru
 10869 | D:8      | Noticed Maurice
 10880 | D:8      | Killed Maurice
 10880 | D:8      | Received a gift from Okawaru
 10881 | D:8      | Reached skill level 5 in Staves
 10881 | D:8      | Reached XP level 10. HP: 59/59 MP: 14/14
 11070 | D:8      | Noticed Psyche
 11081 | D:8      | Killed Psyche
 11170 | D:8      | Killed from afar by Gastronok

Illustrated notes

Levels and vault maps discovered:
D:1:      wander_arrival_fairy_ring, layout_loops_ring, serial_bayou_ford_a
D:2:      layout_loops_corners, grunt_ministairs_4, uniq_crazy_yiuf_cottage
D:3:      layout_basic, lemuel_tele_altar
D:4:      layout_gridville, grunt_dithmenos_smoke_and_mirrors, serial_shops,
          kennysheep_little_box
D:5:      layout_cave_pods
D:6:      layout_layer_cave, gammafunk_temple_overflow_statue,
          minmay_temple_entry_mist, gammafunk_ghost_split, uniq_menkaure
D:7:      layout_basic
D:8:      layout_basic, nicolae_ru_path_of_blood, lemuel_doored_altar,
          minmay_overflow_temple_star_quad, minmay_misc_feat_roman, uniq_grum,
          uniq_maurice, uniq_maggie, uniq_gastronok, uniq_psyche
Temple:   minmay_temple_curvy_loop

Skill      XL: |  1  2  3  4  5  6  7  8  9 |
---------------+----------------------------+-----
Staves         | 1 2 3 5 |  5.3
Crossbows      | 5 6 7 9 |  9.5
Armour         | 1 2 3 4 5 |  5.4
Invocations    | 1 2 3 4 |  4.5
Evocations     | 1 2 3 4 |  4.9
Dodging        | 3 4 5 |  5.8
Fighting       | 3 4 5 |  5.5
Stealth        | |  1.0

Action                   |  1- 3 |  4- 6 |  7- 9 | 10-12 || total
-------------------------+-------+-------+-------+-------++-------
Melee: Short sword       |    58 |    60 |       |       ||   118
       Kick              |    10 |    40 |    32 |    16 ||    98
       Peck              |     5 |    22 |    15 |    14 ||    56
       Quarterstaff      |       |   111 |   100 |    44 ||   255
 Fire: Hand crossbow     |     3 |    26 |   302 |       ||   331
Throw: Dart              |       |       |     2 |     1 ||     3
 Abil: Fly               |       |     1 |       |       ||     1
       Stop Flying       |       |       |     1 |       ||     1
Evoke: Wand              |       |       |     5 |       ||     5
 Stab: Sleeping          |     1 |       |       |       ||     1
       Confused          |       |     1 |       |       ||     1
Armor: Leather armour    |    10 |       |       |       ||    10
       Chain mail        |    14 |    83 |    79 |    13 ||   189
Dodge: Dodged            |    25 |    65 |   118 |    25 ||   233
Block: Other             |       |       |    19 |     9 ||    28
